 Dungeon Crawl Stone Soup version 0.24-a0-536-gdd4cf15266 (webtiles) character file.

Game seed: 7276568753339835847

86 Gynju the Digger (level 4, 0/24 HPs)
             Began as a Gargoyle Earth Elementalist on Aug 11, 2019.
             Slain by an orc priest
             ... wielding a +0 hand axe
              (3 damage)
             ... on level 2 of the Dungeon.
             The game lasted 00:01:52 (1790 turns).

Gynju the Digger (Gargoyle Earth Elementalist)      Turns: 1790, Time: 00:01:53

Health: 0/24       AC:  6    Str: 12    XL:     4   Next: 50%
Magic:  0/8        EV: 12    Int: 16    God:
Gold:   109        SH:  0    Dex: 10    Spells: 4/8 levels left

rFire    . . .     SeeInvis .   h - +1 dagger (speed)
rCold    . . .     Gourm    .   (no shield)
rNeg     + . .     Faith    .   c - +0 robe
rPois    ∞         Spirit   .   j - +0 helmet (curse)
rElec    +         Reflect  .   (no cloak)
rCorr    .         Harm     .   (no gloves)
MR       .....                  (no boots)
Stlth    ++........             (no amulet)
HPRegen  0.08/turn              (no ring)
MPRegen  0.11/turn              (no ring)

@: no status effects
A: negative energy resistance 1, electricity resistance, unbreathing,
petrification resistance, rot immunity, AC +3
a: no special abilities


You were on level 2 of the Dungeon.
You were very hungry.

You visited 1 branch of the dungeon, and saw 3 of its levels.

You collected 109 gold pieces.

Inventory:

Hand Weapons
 h - a +1 dagger of speed (weapon)
Missiles
 b - 19 stones (quivered)
Armour
 c - a +0 robe (worn)
 j - a cursed +0 helmet (worn)
Jewellery
 l - a +4 ring of evasion {unknown}
Scrolls
 e - 4 scrolls of identify {unknown}
 f - 2 scrolls of fog {unknown}
 m - a scroll of enchant weapon {unknown}
 p - a scroll of teleportation {unknown}
Potions
 a - 2 potions of berserk rage {unknown}
 g - a potion of agility {unknown}
 i - a potion of flight {unknown}
 k - a potion of might {unknown}
 n - a potion of heal wounds {unknown}
 o - a potion of curing {unknown}
Comestibles
 d - 2 rations


   Skills:
 - Level 1.5 Dodging
 - Level 2.1 Stealth
 - Level 2.8 Spellcasting
 + Level 1.6 Conjurations
   Level 0.7 Transmutations
 + Level 5.1 Earth Magic


You had 4 spell levels left.
You knew the following spells:

 Your Spells              Type           Power        Failure   Level  Hunger
a - Sandblast             Erth           ###...       2%          1    #......
b - Stone Arrow           Conj/Erth      ##....       14%         3    ###....

Your spell library contained the following spells:

 Spells                   Type           Power        Failure   Level  Hunger
 Passwall                 Tmut/Erth      ##......     9%          2    ##.....
 Petrify                  Tmut/Erth      ##......     50%         4    #####..
 Lee's Rapid Deconstruct  Erth           ###.......   54%         5    ######.


Dungeon Overview and Level Annotations

Branches:
Dungeon (3/15)

Altars:


Innate Abilities, Weirdness & Mutations

You are resistant to torment.
Your stone body is resilient. (AC +3)
You are immune to poison.
You resist negative energy. (rN+)
You are resistant to electric shocks. (rElec)
You can survive without breathing.
You are immune to petrification.
You are immune to rotting.


Message History

Confirm with . or Enter, or press ? or * to list all spells.
You don't have enough magic to cast that spell.
You hit the orc priest but do no damage.
The orc priest is severely wounded.
The orc priest hits you with a +0 hand axe.
* * * LOW HITPOINT WARNING * * *
You hit the orc priest but do no damage.
The orc priest is severely wounded.
You hit the orc priest but do no damage.
The orc priest is severely wounded.
The orc priest miscasts a cantrip.
You hit the orc priest but do no damage.
The orc priest is severely wounded.
The orc priest hits you but does no damage.
You closely miss the orc priest.
The orc priest is severely wounded.
You hit the orc priest.
The orc priest is severely wounded.
The orc priest hits you with a +0 hand axe.
You die...

#.# #.# #.## #.# ##'## #.#
####.###### ##...## #.#
#.........###.....## ##.#
#.##..###.##.......## ##..#
#####.##...##.#.........####...##
....).........+.........'..[....#
.#######...####.).).....####...##
.# ##.## ##@..[...## ##..# .# #.#
##o....## ##.# .# #.# ##...## #.#
.# ####.# ##+## #.# .# #....#
#.####### #.# .#####.####
#.......# #.# .##.......#
##.#####.# #.# ###.##.##.#
#####...####.# #.# #.##.##.#
#.........##.####.#


You could see an orc priest.

Vanquished Creatures
  Jessica (D:2)
  An adder (D:2)
  2 oozes (D:1)
  A worm (D:2)
  A dart slug (D:2)
  3 leopard geckos (D:1)
  An orc (D:2)
  A ball python (D:1)
  2 bats (D:2)
  A giant cockroach (D:1)
  6 goblins
  5 hobgoblins
  2 kobolds
  A quokka (D:2)
  2 frilled lizards
  2 rats
32 creatures vanquished.

Notes
Turn   | Place    | Note
-------+----------+-------------------------------------------
     0 | D:1      | Gynju the Gargoyle Earth Elementalist began the quest for
                  | the Orb.
     0 | D:1      | Reached XP level 1. HP: 10/10 MP: 3/3
    87 | D:1      | Reached skill level 4 in Earth Magic
    87 | D:1      | Reached XP level 2. HP: 12/15 MP: 0/5
   337 | D:1      | Reached XP level 3. HP: 14/19 MP: 0/6
   888 | D:2      | Learned a level 3 spell: Stone Arrow
  1225 | D:2      | Noticed Jessica
  1230 | D:2      | Killed Jessica
  1230 | D:2      | Reached skill level 1 in Conjurations
  1230 | D:2      | Reached XP level 4. HP: 24/24 MP: 3/8
  1321 | D:2      | Reached skill level 5 in Earth Magic
  1790 | D:2      | Slain by an orc priest

Levels and vault maps discovered:
D:1:      psy_arrival_whirlpool, layout_rooms
D:2:      layout_loops_corners, uniq_jessica
D:3:      layout_loops_ring, first_ration, tgw_fedhas, uniq_terence

Skill      XL: |  1  2  3  4 |
---------------+-------------+-----
Earth Magic    | 4 5 |  5.1
Conjurations   | 1 |  1.6
Dodging        | |  1.5
Stealth        | |  2.1
Spellcasting   | |  2.8
Transmutations | |  0.7

Action                   |  1- 3 |  4- 6 || total
-------------------------+-------+-------++-------
Melee: Dagger            |    11 |    21 ||    32
       Unarmed           |     3 |       ||     3
 Cast: Sandblast         |    40 |    15 ||    55
       Stone Arrow       |       |     1 ||     1
  Eat: Chunk             |     1 |     1 ||     2
Armor: Robe              |     4 |     4 ||     8
Dodge: Dodged            |    13 |    10 ||    23

Table legend:
 A = Non-vault XP
 B = Vault XP
 C = Vault XP percentage of total XP
 D = Non-vault monster count
 E = Vault monster count
 F = Vault count percentage of total count
                 A         B        C        D         E       F
            +---------+---------+-------+---------+---------+-------
      Total |      87 |      37 |  29.8 |      31 |       1 |   3.1
            +---------+---------+-------+---------+---------+-------
        D:1 |      43 |       0 |   0.0 |      16 |       0 |   0.0
        D:2 |      44 |      37 |  45.7 |      15 |       1 |   6.2
            +---------+---------+-------+---------+---------+-------
